Map: Orbital Shipyard

Players

MiNiMaTh

  • Race: Zerg Zerg
  • League: Grandmaster

viOLet - Winner!

  • Race: Zerg Zerg

Event: DreamHack ZOWIE Open Leipzig

VOD

Have the link to the VOD?

Description

Time

  • Played on: Jan. 22, 2016, 8:09 a.m.
  • Length: 7:42

All games in this series

Show
View Real Time Build Order
Export as new Build Order

MiNiMaTh Zerg 

Build Orders: Pool First 

Get SALT Encoding   

  12  0:00  Drone  
  13  0:12  Overlord  
  13  0:17  Drone  
  14  0:31  Drone x2  
  16  0:35  Drone  
  17  0:44  Spawning Pool  
  17  0:47  Drone  
  17  0:54  Extractor  
  16  1:00  Drone  
  17  1:13  Hatchery  
  16  1:19  Drone  
  16  1:23  Drone  
  18  1:31  Queen  
  20  1:35  Zergling x2  
  20  1:39  Zergling x2  
  22  1:49  Overlord  
  22  1:56  Metabolic Boost  
  22  2:07  Drone, Queen  
  25  2:11  Drone  
  26  2:26  Drone x2  
  28  2:35  Baneling Nest, Drone  
  28  2:36  Drone  
  30  2:44  Drone x3  
  32  2:51  Zergling x2  
  32  2:52  Spine Crawler, Zergling x2  
  32  2:59  Zergling x2  
  32  3:01  Zergling x2  
  34  3:11  Zergling x4  
  35  3:14  Zergling x2  
  35  3:15  Overlord  
  35  3:19  Baneling x2  
  36  3:24  Zergling x2  
  33  3:35  Drone x5  
  33  3:40  Drone  
  40  3:48  Drone x2  
  41  3:56  Overlord  
  41  3:57  Drone  
  42  4:03  Drone x2  
  44  4:13  Hatchery  
  42  4:25  Zergling x12  
  42  4:30  Zergling x2  
  42  4:31  Roach Warren  
  48  4:36  Zergling x6  
  48  4:37  Zergling x2  
  51  4:50  Baneling x2  
  51  4:55  Overlord  
  51  4:56  Overlord  
  48  5:15  Overlord  
  48  5:17  Roach  
  48  5:18  Roach x8  
  64  5:28  Overlord  
  64  5:33  Roach x4  
  64  5:34  Evolution Chamber  
  70  5:40  Overlord, Drone  
  71  5:51  Lair  
  71  5:52  Drone  
  71  5:53  Drone x3  
  71  5:55  Drone  
  76  5:58  Drone  
  76  6:03  Drone x2  
  79  6:05  Drone x2  
  81  6:14  Drone x4  
  83  6:30  Drone x4  
  87  6:35  Extractor x2  
  83  6:43  Overlord x2  
  83  6:48  Overlord x2  
  75  7:04  Roach x5  
  75  7:08  Extractor  
  74  7:20  Roach x3  
  74  7:21  Roach  
  74  7:22  Hatchery  
Show
View Real Time Build Order
Export as new Build Order

viOLet Zerg - Winner!

Build Orders: Pool First 

Get SALT Encoding   

  12  0:00  Drone  
  13  0:12  Overlord  
  13  0:17  Drone  
  14  0:31  Drone x2  
  14  0:34  Drone  
  17  0:40  Extractor  
  16  0:45  Drone  
  17  0:55  Spawning Pool  
  17  0:57  Drone  
  17  1:08  Drone  
  18  1:20  Hatchery  
  17  1:34  Drone  
  18  1:42  Queen  
  18  1:43  Metabolic Boost  
  18  1:46  Overlord  
  20  1:50  Zergling x2  
  20  1:53  Zergling x2  
  22  2:05  Zergling x2  
  23  2:13  Zergling x2  
  24  2:18  Queen  
  26  2:31  Zergling x2  
  26  2:35  Zergling x4  
  29  2:40  Roach Warren  
  28  2:50  Drone x5  
  33  2:57  Overlord  
  33  2:59  Drone  
  34  3:10  Drone  
  34  3:11  Drone  
  36  3:15  Overlord  
  36  3:17  Drone  
  36  3:26  Drone  
  36  3:29  Roach  
  36  3:30  Roach x3  
  42  3:35  Roach  
  42  3:39  Roach x2  
  47  3:46  Overlord  
  46  3:50  Roach  
  46  3:54  Drone x2  
  49  4:04  Roach x2  
  49  4:07  Zergling x4  
  49  4:08  Overlord, Zergling x2  
  56  4:12  Zergling x4  
  58  4:21  Zergling x4  
  60  4:33  Zergling x4  
  60  4:36  Zergling x4  
  64  4:38  Hatchery  
  64  4:40  Zergling x2  
  64  4:45  Zergling x4  
  64  4:47  Drone  
  64  4:49  Drone  
  66  4:55  Evolution Chamber  
  66  4:58  Drone x2  
  67  5:00  Overlord  
  67  5:03  Drone  
  68  5:08  Drone  
  68  5:11  Drone  
  68  5:19  Drone x2  
  68  5:21  Zerg Missile Weapons Level 1  
  70  5:22  Queen  
  72  5:33  Drone x2  
  72  5:35  Lair  
  72  5:37  Overlord  
  72  5:38  Drone  
  72  5:39  Drone x2  
  72  5:41  Overlord, Extractor  
  74  5:43  Extractor  
  74  5:45  Drone  
  74  5:53  Drone x2  
  74  5:55  Roach  
  74  5:56  Roach x2  
  82  6:01  Roach  
  84  6:04  Roach  
  84  6:05  Roach  
  84  6:09  Roach  
  90  6:14  Overlord  
  90  6:16  Roach  
  90  6:17  Roach  
  94  6:20  Roach  
  94  6:24  Overlord  
  96  6:28  Roach  
  96  6:32  Overlord  
  97  6:35  Roach  
  99  6:40  Drone x2  
  99  6:41  Overlord  
  99  6:47  Drone x3  
  103  6:54  Drone x2  
  102  6:55  Drone x2  
  102  7:00  Drone  
  102  7:01  Drone  
  102  7:05  Drone x3  
  105  7:15  Drone x7  
  112  7:17  Extractor  
  112  7:18  Drone x4  
  112  7:20  Overseer  
  112  7:21  Extractor  
  112  7:22  Overlord  
  114  7:26  Drone x3  
  114  7:27  Drone  
  117  7:33  Ravager  
  117  7:34  Ravager  

Tags
 
Add a new tag
Caveats
  • Supply blocks, unpowered buildings, or Contaminate may cause inaccurate times.
  • Supply counts are checked every 10 seconds.